 Dungeon Crawl Stone Soup version 0.28-a0-1387-g3a22ab9bdc (webtiles) character file.

Game seed: 4957794121370577975

15465 Gildeon the Severer (level 12, 0/102 HPs)
             Began as a Minotaur Fighter on Jan 2, 2022.
             Was the Champion of Okawaru.
             Slain by a four-headed hydra (7 damage)
             ... on level 5 of the Lair of Beasts.
             The game lasted 00:39:01 (14660 turns).

Gildeon the Severer (Minotaur Fighter)             Turns: 14660, Time: 00:39:02

Health: 0/102      AC: 20    Str: 31    XL:     12   Next: 1%
Magic:  18/18      EV: 10    Int:  5    God:    Okawaru [******]
Gold:   47         SH:  5    Dex: 11    Spells: 19/20 levels left

rFire   . . .      SeeInvis .   i - +3 scimitar (flame)
rCold   + . .      Faith    .   c - +0 buckler
rNeg    . . .      Spirit   .   J - +2 chain mail {rC+}
rPois   +          Reflect  .   (helmet restricted)
rElec   .          Harm     .   w - +2 cloak {rPois}
rCorr   +          Rampage  .   y - +0 pair of gloves
Will    +....                   z - +2 pair of boots of the Armadillo {Contam rCorr Str+6}
Stlth   ..........              (no amulet)
HPRegen 0.27/turn               j - ring of willpower
MPRegen 0.16/turn               (no ring)

@: no status effects
A: horns 2, retaliatory headbutt
a: Renounce Religion, Heroism, Finesse, Duel


You were on level 5 of the Lair of Beasts.
You worshipped Okawaru.
Okawaru was exalted by your worship.
You visited 3 branches of the dungeon, and saw 17 of its levels.

You collected 825 gold pieces.
You spent 778 gold pieces at shops.

Inventory:

Hand Weapons
 i - a +3 scimitar of flaming (weapon)
 o - a +0 war axe of freezing
 B - a +0 morningstar
Armour
 c - a +0 buckler (worn)
 v - a +2 chain mail of fire resistance
 w - a +2 cloak of poison resistance (worn)
 y - a +0 pair of gloves (worn)
 z - the +2 pair of boots of the Armadillo (worn) {Contam rCorr Str+6}
   (You bought it in a shop on level 1 of the Dungeon)

   Str:       It affects your strength (+6).
   Contam:    It causes magical contamination when unequipped.
   rCorr:     It protects you from acid and corrosion.
 J - a +2 chain mail of cold resistance (worn)
Jewellery
 j - a ring of willpower (left hand)
Wands
 a - a wand of paralysis (13)
 d - a wand of acid (3)
 k - a wand of flame (4)
 l - a wand of polymorph (5)
 r - a wand of iceblast (29)
 x - a wand of mindburst (10)
 F - a wand of digging (6)
Scrolls
 f - 2 scrolls of fog
 h - a scroll of torment {unknown}
 n - a scroll of fear {unknown}
 p - 6 scrolls of teleportation
 t - a scroll of brand weapon {unknown}
 u - 2 scrolls of enchant armour {unknown}
 H - a scroll of amnesia {unknown}
 K - a scroll of vulnerability {unknown}
Potions
 b - a potion of degeneration {unknown}
 e - 4 potions of curing
 g - 2 potions of lignification {unknown}
 m - a potion of cancellation {unknown}
 q - a potion of attraction {unknown}
 s - a potion of berserk rage {unknown}
 A - 3 potions of resistance
 C - a potion of invisibility {unknown}
 D - 3 potions of mutation
 E - 2 potions of flight
 I - a potion of magic {unknown}


   Skills:
 + Level 8.2 Fighting
 - Level 16.0 Axes
 + Level 7.8 Armour
 - Level 5.0 Dodging
 - Level 5.0 Shields
 + Level 4.6 Spellcasting
 - Level 5.0 Invocations
 - Level 5.0 Evocations


You had 19 spell levels left.
You knew the following spells:

 Your Spells              Type           Power      Damage    Failure   Level
a - Shock                 Conj/Air       4%         1d3       80%         1

Your spell library contained the following spells:

 Spells                   Type           Power      Damage    Failure   Level
 Sublimation of Blood     Necr           1%         N/A       90%         2
 Wereblood                Tmut           1%         N/A       90%         2
 Portal Projectile        Hex/Tloc       2%         N/A       99%         3
 Swiftness                Air            1%         N/A       99%         3
 Airstrike                Air            0%         N/A       100%        4
 Passage of Golubria      Tloc           1%         N/A       100%        4
 Petrify                  Tmut/Erth      1%         N/A       100%        4
 Blade Hands              Tmut           0%         N/A       100%        5
 Excruciating Wounds      Necr           0%         N/A       100%        5
 Irradiate                Conj/Tmut      0%         3d14      100%        5
 Yara's Violent Unravell  Hex/Tmut       0%         3d3       100%        5
 Iron Shot                Conj/Erth      0%         9d1       100%        6
 Summon Small Mammal      Summ           Unusable   N/A       N/A         1
 Call Canine Familiar     Summ           Unusable   N/A       N/A         3
 Summon Guardian Golem    Hex/Summ       Unusable   N/A       N/A         3
 Tukima's Dance           Hex            Unusable   N/A       N/A         3
 Animate Armour           Summ/Erth      Unusable   N/A       N/A         4
 Summon Hydra             Summ           Unusable   N/A       N/A         7

Dungeon Overview and Level Annotations

Branches:
Dungeon (11/15)            Temple (1/1) D:6            Lair (6/6) D:8
    Orc (0/2) D:9
  Swamp: Lair:2-4    Shoals: Lair:2-4     Snake: Lair:2-4    Spider: Lair:2-4
  Slime: Lair:5-6

Altars:
Ashenzari
Cheibriados
Dithmenos
Elyvilon
Fedhas
Gozag
Hepliaklqana
Kikubaaqudgha
Makhleb
Nemelex Xobeh
Okawaru
Qazlal
Ru
Sif Muna
Trog
Uskayaw
Vehumet
Wu Jian
Xom
Yredelemnul
Zin
The Shining One

Shops:
D:1 [   D:5 :   D:6 :

Annotations:
D:10 3 runed translucent doors, ThereIsNoGod's ghost, novice DrAK


Innate Abilities, Weirdness & Mutations

You have a pair of horns on your head.
You reflexively headbutt those who attack you in melee.


Message History

The five-headed hydra bites you but does no damage.
Okay, then.
Okay, then.
You feel better.
The five-headed hydra closely misses you.
The five-headed hydra bites you but does no damage. x3
The five-headed hydra bites you!
* * * LOW HITPOINT WARNING * * *
You hack one of the five-headed hydra's heads off!
The flame cauterises the wound!
You slash the four-headed hydra! You burn the four-headed hydra.
You headbutt the four-headed hydra!
The four-headed hydra is almost dead.
You block the four-headed hydra's attack.
The four-headed hydra bites you!
* * * LOW HITPOINT WARNING * * *
The four-headed hydra bites you but does no damage.
The four-headed hydra bites you.
* * * LOW HITPOINT WARNING * * *
You feel better.
The four-headed hydra closely misses you.
The four-headed hydra bites you.
* * * LOW HITPOINT WARNING * * *
The four-headed hydra bites you!
* * * LOW HITPOINT WARNING * * *
The four-headed hydra barely misses you.
You feel better.
The four-headed hydra closely misses you.
The four-headed hydra bites you but does no damage. x3
Unknown command.
You feel better. The four-headed hydra misses you.
The four-headed hydra bites you but does no damage.
You block the four-headed hydra's attack.
The four-headed hydra bites you but does no damage.
You barely miss the four-headed hydra.
The four-headed hydra is almost dead.
The four-headed hydra bites you!
* * * LOW HITPOINT WARNING * * *
The four-headed hydra barely misses you.
The four-headed hydra bites you!
You die...

...>............
...P...........P#
................
..##.P.........P.
........>........
...../......|....
...##.........P..
................
.........@..##..
..........D## .
....$........
#..P..#....P...
...........<.....
..P..P..........
................
#......P.).P..


You could see a four-headed hydra.

Vanquished Creatures
  A hydra (Lair:1)
  Erica (D:8)
  3 two-headed ogres
  Pikel (D:8)
  3 elephants (Lair:6)
  An unseen horror (D:10)
  3 komodo dragons
  A rime drake (Lair:2)
  2 trolls
  A hornet (D:9)
  2 wyverns
  2 wraiths
  8 yaks
  A basilisk (Lair:1)
  Menkaure (D:5)
  A vampire mosquito (D:10)
  20 water moccasins
  3 sky beasts
  5 orc warriors (D:9)
  2 necrophages (D:5)
  A hornet zombie (D:8)
  2 ice beasts
  2 black bears
  3 ogres
  2 centaurs
  A phantom (D:6)
  A lemure (D:8)
  2 kobold brigands
  4 bullfrogs
  3 scorpions
  6 killer bees (D:8)
  A bullfrog zombie (D:7)
  3 hounds
  4 centaur zombies
  Crazy Yiuf (D:6)
  2 gnoll shamans
  A centaur skeleton (D:5)
  3 orc priests
  2 jellies
  2 bullfrog skeletons (D:5)
  15 orc wizards
  A scorpion zombie (D:5)
  3 iguanas
  A killer bee zombie (D:7)
  2 hound skeletons (D:4)
  Robin (D:3)
  7 howler monkey zombies
  8 gnolls
  19 adders
  2 ufetubi
  An adder skeleton (D:4)
  5 dart slugs
  45 orcs
  9 endoplasms
  4 giant cockroaches
  19 goblins
  11 hobgoblins
  9 jackals
  15 kobolds
  7 quokkas
  7 ball pythons
  7 bats
  5 frilled lizards
  3 rats
314 creatures vanquished.

Vanquished Creatures (others)
  A hobgoblin (D:3)
  18 fungi
  21 plants
40 creatures vanquished.

Grand Total: 354 creatures vanquished

Notes
Turn   | Place    | Note
-------+----------+-------------------------------------------
     0 | D:1      | Gildeon the Minotaur Fighter began the quest for the Orb.
     0 | D:1      | Reached XP level 1. HP: 19/19 MP: 0/0
    85 | D:1      | Reached skill level 3 in Axes
    92 | D:1      | Reached XP level 2. HP: 21/26 MP: 1/1
   268 | D:1      | Found Seili's Armour Shop.
   299 | D:1      | Reached skill level 4 in Axes
   601 | D:1      | Reached XP level 3. HP: 31/31 MP: 2/2
  1415 | D:2      | Found a shimmering altar of Xom.
  1558 | D:2      | Reached skill level 5 in Axes
  1790 | D:3      | Noticed Robin
  2056 | D:3      | Reached XP level 4. HP: 35/39 MP: 3/3
  2061 | D:3      | Killed Robin
  2425 | D:3      | Found a sparkling altar of Nemelex Xobeh.
  2666 | D:3      | Reached skill level 6 in Axes
  2817 | D:3      | Found an iron altar of Okawaru.
  2830 | D:3      | Became a worshipper of Warmaster Okawaru
  3042 | D:3      | Reached XP level 5. HP: 45/45 MP: 4/4
  3613 | D:4      | Reached skill level 7 in Axes
  3617 | D:4      | Reached XP level 6. HP: 45/51 MP: 5/5
  3622 | D:4      | Reached * piety under Okawaru
  3696 | D:4      | Reached skill level 8 in Axes
  3914 | D:4      | Found a glowing silver altar of Zin.
  4195 | D:4      | Reached skill level 9 in Axes
  4235 | D:4      | Found a glowing golden altar of the Shining One.
  4378 | D:5      | Entered Level 5 of the Dungeon
  4384 | D:5      | Reached XP level 7. HP: 46/57 MP: 6/6
  4389 | D:5      | Found Fexuph's Self-Improvement Boutique.
  4567 | D:5      | Reached skill level 10 in Axes
  4615 | D:5      | Reached ** piety under Okawaru
  4672 | D:5      | Found a shimmering blue altar of Sif Muna.
  4696 | D:5      | Reached skill level 11 in Axes
  4727 | D:5      | Reached XP level 8. HP: 36/64 MP: 7/7
  4737 | D:5      | HP: 1/64 [sky beast (5)]
  5060 | D:5      | Noticed Menkaure
  5073 | D:5      | Killed Menkaure
  5074 | D:5      | Reached skill level 12 in Axes
  5087 | D:5      | Found a burning altar of Makhleb.
  5189 | D:5      | Reached skill level 13 in Axes
  5192 | D:5      | Reached *** piety under Okawaru
  5670 | D:5      | Identified the +10 quarterstaff "Arimechu" {elec, rC+}
  5759 | D:6      | Received a gift from Okawaru
  5760 | D:6      | Reached skill level 14 in Axes
  5760 | D:6      | Reached XP level 9. HP: 70/70 MP: 8/8
  5914 | D:6      | Found Poetet's Book Emporium.
  6059 | D:6      | Found a staircase to the Ecumenical Temple.
  6068 | Temple   | Entered the Ecumenical Temple
  6403 | D:6      | Found a runed translucent door.
  6404 | D:6      | Noticed Crazy Yiuf
  6409 | D:6      | Killed Crazy Yiuf
  6900 | D:7      | Reached skill level 15 in Axes
  7202 | D:7      | Reached **** piety under Okawaru
  7693 | D:1      | Bought a +2 chain mail of cold resistance for 301 gold
                  | pieces
  7848 | D:8      | Noticed Erica
  7862 | D:8      | Killed Erica
  7863 | D:8      | Reached skill level 16 in Axes
  8164 | D:8      | Found a staircase to the Lair.
  8205 | D:8      | Noticed Pikel
  8218 | D:8      | Killed Pikel
  8218 | D:8      | Reached ***** piety under Okawaru
  8219 | D:8      | Reached skill level 5 in Fighting
  8219 | D:8      | Reached skill level 5 in Armour
  8219 | D:8      | Reached XP level 10. HP: 59/81 MP: 9/9
  8409 | D:8      | Reached skill level 1 in Invocations
  8459 | D:8      | Noticed a two-headed ogre
  8466 | D:8      | Killed a two-headed ogre
  8466 | D:8      | Received a gift from Okawaru
  8467 | D:8      | Reached skill level 1 in Evocations
  8632 | D:8      | Found an ancient bone altar of Kikubaaqudgha.
  8843 | D:8      | Found a basalt altar of Yredelemnul.
  8878 | D:8      | Reached skill level 5 in Dodging
  9180 | D:9      | Reached skill level 5 in Shields
  9183 | D:9      | Learned a level 1 spell: Shock
  9574 | D:9      | Reached skill level 1 in Spellcasting
  9974 | D:9      | Noticed a two-headed ogre
  9984 | D:9      | Killed a two-headed ogre
 10277 | D:9      | Found a staircase to the Orcish Mines.
 10354 | D:10     | Entered Level 10 of the Dungeon
 10372 | D:10     | Found a hide-covered altar of Uskayaw.
 10372 | D:10     | Found a sacrificial altar of Ru.
 10379 | D:10     | Noticed a two-headed ogre
 10390 | D:10     | Killed a two-headed ogre
 10391 | D:10     | Reached XP level 11. HP: 40/86 MP: 13/13
 10609 | D:10     | Found a runed translucent gate.
 10609 | D:10     | Noticed ThereIsNoGod's ghost (novice DrAK)
 10610 | D:10     | Found a runed translucent gate.
 10611 | D:10     | Found a runed translucent gate.
 10724 | D:10     | Found a shadowy altar of Dithmenos.
 10965 | D:10     | Reached skill level 5 in Invocations
 11031 | D:10     | Reached ****** piety under Okawaru
 11032 | D:10     | Found a white marble altar of Elyvilon.
 11273 | D:10     | Reached skill level 5 in Evocations
 11765 | D:11     | Noticed a death knight
 12115 | Lair:1   | Entered Level 1 of the Lair of Beasts
 12288 | Lair:1   | Noticed a five-headed hydra
 12297 | Lair:1   | Killed a three-headed hydra
 12699 | Lair:1   | Identified the +3 ring mail "Zahang" {MP+9 Int-2 Stlth+}
                  | (Okawaru gifted it to you on level 1 of the Lair of Beasts)
 12699 | Lair:1   | Received a gift from Okawaru
 13296 | D:1      | Bought the +2 pair of boots of the Armadillo {Contam rCorr
                  | Str+6} for 477 gold pieces
 14238 | Lair:2   | Identified the +5 whip "Xumiz" {vorpal, Will+}
 14477 | Lair:3   | You fall into a shaft and drop 3 floors!
 14477 | Lair:6   | Entered Level 6 of the Lair of Beasts
 14477 | Lair:6   | Noticed a dire elephant
 14509 | Lair:6   | Reached XP level 12. HP: 73/101 MP: 17/17
 14644 | Lair:5   | Noticed an eight-headed hydra
 14652 | Lair:5   | HP: 4/102 [five-headed hydra (7)]
 14657 | Lair:5   | HP: 2/102 [four-headed hydra (11)]
 14660 | Lair:5   | Slain by a four-headed hydra

Illustrated notes

Levels and vault maps discovered:
D:1:      psy_arrival_spokes, layout_basic, serial_shops, shop
D:2:      layout_basic, basic_altar
D:3:      layout_basic, old_standard_altar, kennysheep_okawaru_gauntlet,
          serial_aquarium, aquarium_bridge_square [aquarium_subvault_wall,
          aquarium_subvault_wall, aquarium_subvault_window,
          aquarium_subvault_bridge], aquarium_bridge_long_joined
          [aquarium_subvault_bridge, aquarium_subvault_bridge,
          aquarium_subvault_bridge, aquarium_subvault_window,
          aquarium_subvault_window, aquarium_subvault_bridge],
          aquarium_window_corner, aquarium_window_corridor_3, aquarium_window_1,
          aquarium_window_1, aquarium_view_2g, aquarium_view_2a,
          aquarium_balcony_1a, aquarium_pool_four, uniq_robin
D:4:      layout_rooms, kennysheep_mini, nicolae_tso_swordbearing_angel,
          chequers_arboretum, solitary_fountain, kennysheep_cross_room,
          minmay_pentangle
D:5:      minmay_general_purpose_star, layout_cave_pools,
          nicolae_sif_muna_condensation, bloody_makhleb, nicolae_shop_self_help,
          uniq_menkaure
D:6:      layout_cave_pods, minmay_temple_entry_drinking_statues, serial_shops,
          shop, uniq_crazy_yiuf_cottage
D:7:      layout_gridville, kennysheep_generic_room_6
D:8:      layout_basic, nicolae_yredelemnul_corpse_copse,
          general_overflow_altar, lair_entry_dummy, uniq_erica, uniq_pikel
D:9:      layout_irregular_city, david_orc_4
D:10:     layout_loops_ring, nicolae_elyvilon_peaceful_grove,
          nicolae_dithmenos_shadow_blocks, jmf_multi_god_temple,
          ebering_ghost_rock_garden
D:11:     evilmike_iron_armoury, layout_stronghold, serial_shops, shop,
          serial_column_ruins, column_ruins_hut_pillars,
          column_ruins_open_small, column_ruins_open_tiny_water,
          column_ruins_grid_1, column_ruins_grid_1, column_ruins_open_tiny
Temple:   dpeg_chambers_temple
Lair:1:   lemuel_reptile_caves, layout_misc_corridors
Lair:2:   layout_small_grid
Lair:3:   layout_small_grid, nicolae_swamp_entry_splash_gauntlet
Lair:5:   layout_long_grid, slime_altar_1, minmay_lair_drake_nest,
          lemuel_fruit_fields
Lair:6:   gammafunk_lair_ancient_temple, layout_small_grid, uniq_rupert,
          uniq_snorg

Skill      XL: |  1  2  3  4  5  6  7  8  9 10 11 |
---------------+----------------------------------+-----
Axes           | 3 4 5 6 7 9 11 14 16 | 16.0
Fighting       | 5 8 |  8.2
Armour         | 5 7 |  7.8
Dodging        | 4 5 |  5.0
Shields        | 5 |  5.0
Invocations    | 4 5 |  5.0
Evocations     | 4 5 |  5.0
Spellcasting   | 2 4 |  4.6

Action                   |  1- 3 |  4- 6 |  7- 9 | 10-12 || total
-------------------------+-------+-------+-------+-------++-------
Melee: War axe           |   100 |   154 |   279 |   435 ||   968
       Headbutt          |    16 |    28 |    53 |    94 ||   191
       Trident           |       |     5 |       |       ||     5
       Scimitar          |       |       |       |     9 ||     9
Throw: Throwing net      |       |       |       |     1 ||     1
Evoke: Wand              |       |       |       |    22 ||    22
  Use: Scroll            |       |       |     6 |     4 ||    10
       Potion            |       |       |     2 |    10 ||    12
Armor: Scale mail        |    24 |       |       |       ||    24
       Chain mail        |    14 |   114 |   136 |   235 ||   499
Dodge: Dodged            |    59 |    48 |    91 |   134 ||   332
Block: Buckler           |    25 |    33 |    45 |    78 ||   181

Table legend: (Time is in decaauts)
 A = Elapsed time spent in this place.
 B = Non-inter-level travel time spent in this place.
 C = Inter-level travel time spent in this place.
 D = Time resting spent in this place.
 E = Time spent auto-exploring this place.
 F = Levels seen in this place.
 G = Mean time per level.
                   A        B        C        D        E       F      G
               +--------+--------+--------+--------+--------+-----+--------+
         Total |  14555 |  13271 |   1284 |   1271 |   9435 |  17 |  856.2 |
       Dungeon |  12122 |  10973 |   1149 |   1266 |   7515 |  11 | 1102.0 |
        Temple |    257 |    236 |     21 |      0 |    228 |   1 |  257.0 |
          Lair |   2175 |   2061 |    114 |      5 |   1691 |   5 |  435.0 |
               +--------+--------+--------+--------+--------+-----+--------+

Top non-repeatable levels by time:
     D:3: 1631 daAuts
     D:5: 1409 daAuts
    D:10: 1388 daAuts
     D:8: 1321 daAuts
     D:1: 1295 daAuts
     D:9: 1243 daAuts
  Lair:1: 1068 daAuts
     D:2: 964 daAuts
  Lair:2: 928 daAuts
     D:4: 895 daAuts
     D:6: 852 daAuts
     D:7: 846 daAuts
    D:11: 273 daAuts
  Temple: 257 daAuts
  Lair:6: 157 daAuts
